 Dungeon Crawl Stone Soup version 0.19-a0-790-ge39e1af (webtiles) character file.

42 RadicalRoach the Changer (level 3, -2/23 HPs)
             Began as an Octopode Transmuter on June 26, 2016.
             Slain by an ooze (5 damage)
             ... on level 1 of the Dungeon.
             The game lasted 00:02:17 (908 turns).

RadicalRoach the Changer (Octopode Transmuter)       Turns: 908, Time: 00:02:18

Health: -2/23      AC:  1    Str:  9    XL:     3   Next: 56%
Magic:  4/6        EV: 12    Int: 15    God:
Gold:   44         SH:  0    Dex: 13    Spells: 2 memorised, 3 levels left

rFire  . . .     SeeInvis .       - Unarmed
rCold  . . .     Gourm    .     (no shield)
rNeg   . . .     Faith    .     (helmet restricted)
rPois  .         Spirit   .     (no amulet)
rElec  .         Dismiss  .     (no ring)
rCorr  .         Reflect  .     (no ring)
SustAt .         Harm     .     (no ring)
MR     .....                    (no ring)
Stlth  ++........               (no ring)
                                (no ring)
                                (no ring)
                                (no ring)

@: not resistant to hostile enchantments, unstealthy
A: almost no armour, amphibious, 8 rings, constrict 8, camouflage 1, gelatinous
body 1
a: no special abilities


You were on level 1 of the Dungeon.
You were not hungry.

You visited 1 branch of the dungeon, and saw 1 of its levels.

You collected 44 gold pieces.

Inventory:

Missiles
 a - 27 arrows
 e - 67 stones (quivered)
Scrolls
 f - a scroll of random uselessness {unknown}
 g - a scroll of identify {unknown}
 h - a scroll of enchant weapon {unknown}
Potions
 d - a potion of magic {unknown}
Books
 b - a book of Changes

   Spells                             Type                      Level
   a - Beastly Appendage              Transmutation                1
   b - Sticks to Snakes               Transmutation                2
   c - Spider Form                    Transmutation/Poison         3
   d - Ice Form                       Ice/Transmutation            4
   e - Blade Hands                    Transmutation                5
Comestibles
 c - 3 bread rations
 i - a beef jerky


   Skills:
 - Level 1.0 Fighting
 - Level 2.0 Dodging
 - Level 3.0 Unarmed Combat
 - Level 2.0 Spellcasting
 + Level 3.8 Transmutations


You had 3 spell levels left.
You knew the following spells:

 Your Spells              Type           Power        Failure   Level  Hunger
a - Beastly Appendage     Tmut           ##....       6%          1    #......
b - Sticks to Snakes      Tmut           ##......     10%         2    ###....


Dungeon Overview and Level Annotations

Branches:
Dungeon (1/15)

Altars:


Innate Abilities, Weirdness & Mutations

You cannot wear most types of armour.
You are amphibious.
You can wear up to eight rings at the same time.
You can use your tentacles to constrict eight enemies at once.
Your skin changes colour to match your surroundings (Stealth+).
Your rubbery body absorbs attacks. (AC +1)


Message History

There is a fountain of clear blue water here.
There is an open door here.
Your tentacle spike disappears.
There is an open door here.
You close the door.
The ooze hits you.
* * * LOW HITPOINT WARNING * * *
The ooze closely misses you. The ooze hits you.
* * * LOW HITPOINT WARNING * * *
The ooze jiggles.
Casting: Beastly Appendage
Confirm with . or Enter, or press ? or * to list all spells.
You create a snake!
You now have 27 arrows.
Your ball python bites the ooze.
Your ball python bites the ooze.
The ooze hits your ball python.
Your ball python bites the ooze.
The ooze misses your ball python. The ooze hits you.
You die...

#......................#
#...#######.....)......# #...#
#............# #...#
#............# #...#
#............#
###########............#
.......................#
...................r...#########
##########......@J.SJ..........#
.........#..#################.##
.........#..# #.# .........#..#
#.# ##†#######..# #.#
.Jr......#..# #r# J###....⌠+..#
########.# ..<......#..#
#..r.J...# ..>...⌠..#..#
#.########


You could see 2 oozes, a rat and a friendly ball python.

Vanquished Creatures
  An ooze (D:1)
  2 dart slugs (D:1)
  A bat (D:1)
  4 giant cockroaches (D:1)
  5 goblins (D:1)
  2 hobgoblins (D:1)
  7 jackals (D:1)
  2 giant newts (D:1)
  3 kobolds (D:1)
  2 rats (D:1)
29 creatures vanquished.

Notes
Turn   | Place    | Note
--------------------------------------------------------------
     0 | D:1      | RadicalRoach the Octopode Transmuter began the quest for the Orb.
     0 | D:1      | Reached XP level 1. HP: 13/13 MP: 3/3
     1 | D:1      | Found a runed door.
    36 | D:1      | Reached XP level 2. HP: 15/18 MP: 5/5
   147 | D:1      | Learned a level 2 spell: Sticks to Snakes
   542 | D:1      | Reached XP level 3. HP: 23/23 MP: 6/6
   881 | D:1      | HP: 1/23 [ooze (3)]
   908 | D:1      | Slain by an ooze

Vault maps used:
D:1:      dpeg_arrival_caged_fury

Skill      XL: |  1  2 |
---------------+-------+-----
Transmutations | 3 |  3.8
Fighting       | |  1.0
Dodging        | |  2.0
Unarmed Combat | |  3.0
Spellcasting   | |  2.0

Action                   || total
-------------------------++-------
Melee: Unarmed           ||    65
       Tentacles         ||    16
       Constrict         ||    19
       Punch             ||     3
       Kick              ||     8
Throw: Stone             ||     9
 Cast: Beastly Appendage ||     2
       Sticks to Snakes  ||     1
 Stab: Sleeping          ||     2
Armor: Skin              ||     4
Dodge: Dodged            ||    30
